 Dungeon Crawl Stone Soup version 0.28.0-49-g6dfe1f597d (webtiles) character file.

Game seed: 622335729813019263

17 Exodus22XD the Covered (level 2, 28/28 HPs)
             Began as a Deep Dwarf Fighter on May 14, 2022.
             Was a High Priest of Ignis.
             Quit the game on level 1 of the Dungeon.
             The game lasted 00:00:19 (203 turns).

Exodus22XD the Covered (Deep Dwarf Fighter)          Turns: 203, Time: 00:00:19

Health: 28/28      AC:  6    Str: 19    XL:     2   Next: 44%
Magic:  2/2        EV:  9    Int:  8    God:    Ignis [*****.]
Gold:   8          SH:  4    Dex: 12    Spells: 1/1 levels left

rFire   + . .      SeeInvis .   a - +0 war axe
rCold   . . .      Faith    .   c - +0 buckler
rNeg    . . .      Spirit   .   b - +0 scale mail
rPois   .          Reflect  .   (no helmet)
rElec   .          Harm     .   (no cloak)
rCorr   .          Rampage  .   (no gloves)
Will    .....                   (no boots)
Stlth   ..........              (no amulet)
HPRegen 0.00/turn               (no ring)
MPRegen 0.08/turn               (no ring)

@: no status effects
A: damage resistance, heal wounds, sense surroundings 1, no regeneration
a: Heal Wounds, Renounce Religion, Fiery Armour, Foxfire Swarm, Rising Flame


You were on level 1 of the Dungeon.
You worshipped Ignis.
Ignis was extremely pleased with you.
You visited 1 branch of the dungeon, and saw 1 of its levels.

You collected 8 gold pieces.

Inventory:

Hand Weapons
 a - a +0 war axe (weapon)
Armour
 b - a +0 scale mail (worn)
 c - a +0 buckler (worn)
Potions
 d - a potion of might
 e - a potion of flight {unknown}


   Skills:
 + Level 3.0 Fighting
 + Level 2.3 Axes
 + Level 3.6 Armour
 + Level 3.5 Shields


You had one spell level left.
You didn't know any spells.
Your spell library was empty.

Dungeon Overview and Level Annotations

Branches:
Dungeon (1/15)

Altars:
Ignis


Innate Abilities, Weirdness & Mutations

You are resistant to damage.
You can heal yourself by infusing magical energy.
You passively map a small area around you.
You do not regenerate.


Message History

Found 23 arrows.
Things that are here:
a +0 club; 3 stones; a kobold corpse No target in view!
You see here 23 arrows.
Key pressed, stopping explore.
No target in view!
You open the door.
A gnoll and an endoplasm come into view.
The endoplasm quivers.
You slash the endoplasm!
You kill the endoplasm!
You have reached level 2!
Found two gnoll skeletons.
The gnoll barely misses you.
There is an open door here.
You slash the gnoll!
The gnoll is almost dead.
You block the gnoll's attack.
You hit the gnoll.
You kill the gnoll!
Your Fighting skill increases to level 3!
Things that are here:
a +0 spear; a gnoll corpse You open the door.
Found a faded altar of an unknown god.
No target in view!
No target in view!
There is an open door here.
There is an open door here.
Things that are here:
a +0 spear; a gnoll corpse
There is an open door here.
Found 22 arrows.
There is an open door here.
There is an open door here.
There is a faded altar of an unknown god here.
You cannot tell which god this altar belongs to.
Convert to them anyway?
Ignis accepts your prayer! Ignis welcomes you!
Are you sure you want to abandon this character and quit the game? (Confirm with "yes".)

.........# .# .##....#.#
.# .......#.######.#
...........(..#.#
####)###.####.#.#
###......# #.#.####
.....##### #......#
###### ##..♣♣♣..# #
##########..♣♣@♣♣, *
###.......#..♣♣..P♣♣
.##.........♣♣♣P.PP♣♣,.#
.##........♣♣PPP.PPP♣ .#
.##........♣♣P...PPP♣*.#
########.#.♣♣###'###P♣.##
# #...♣♣#.....#♣♣.(# #
#...♣÷#..8..#÷♣..# #
#.#.♣♣#..)..#♣♣..#


There were no monsters in sight!

Vanquished Creatures
  A gnoll (D:1)
  A ball python (D:1)
  An endoplasm (D:1)
  A goblin (D:1)
  A hobgoblin (D:1)
  2 bats (D:1)
  A frilled lizard (D:1)
  A kobold (D:1)
9 creatures vanquished.

Notes
Turn   | Place    | Note
-------+----------+-------------------------------------------
     0 | D:1      | Exodus22XD the Deep Dwarf Fighter began the quest for the
                  | Orb.
     0 | D:1      | Reached XP level 1. HP: 20/20 MP: 1/1
   169 | D:1      | Reached XP level 2. HP: 27/27 MP: 2/2
   175 | D:1      | Found a faded altar of an unknown god.
   202 | D:1      | Prayed at the altar of an unknown god.
   202 | D:1      | Became a worshipper of Ignis, the Dying Flame
   203 | D:1      | Quit the game

Illustrated notes

Levels and vault maps discovered:
D:1:      psy_arrival_terrarium, layout_basic,
          dilly_ecumenical_altar_fadedgnrine, st_stairs_1

Skill      XL: |  1  2 |
---------------+-------+-----
Fighting       | 3 |  3.0
Axes           | |  2.3
Armour         | |  3.6
Shields        | |  3.5

Action                   || total
-------------------------++-------
Melee: War axe           ||    22
Armor: Scale mail        ||     9
Dodge: Dodged            ||    13
Block: Buckler           ||     5
